← All builds
Geo / Armada / Economy first / OBSERVED BUILD

Sharpshooter snipers

Armada Geo build order · Supreme Isthmus

Geo builds an Advanced Bot Lab and pushes T2 Sharpshooter snipers to the middle from about 8:30, trading the usual vehicle/Starlight push for bot snipers.

Usually blows up the commander for T2 (66%)

#t2 #raid · 40 distinct matches · 26 players · 1% of Armada Geo games · team won 41% of 41 · Recently observed

THE CATCH, AND WHAT COMES WITH IT
  • SharpshooterT2 bot snipers from 8:30 · 3% of role by thenFrom the Advanced Bot Lab. Only 3% of Geo games have it by then; others who build it get it around 9:32
  • Advanced Bot LabAdvanced Bot Lab in 100%7% of all Geo games by then
  • SmugglerJammer bot in 90%3% of all Geo games by then
  • SharpshooterSniper bot in 44%2% of all Geo games by then
  • SprinterSprinter in 44%5% of all Geo games by then

Where those units first fight, in 41 games with kill data: in the middle 88%, on their own side 12%.

Those units destroy a typical 4,761 metal of enemy units by 15:00.

Then transitions into Welder (10% of army).

HOW TO PLAY IT

Key timing: Advanced Bot Lab by 6:51

  1. Open mex and wind into geo, standard Geo eco start.
  2. Rush Advanced Bot Lab straight off geothermal power.
  3. Pump Sharpshooter sniper bots to hold the middle.
  4. Add jammer bot support behind the snipers for cover.
  5. Shift build power to T2 cons and supply allies as usual.

Phase by phase

TYPICAL OF ITS 40 GAMES · AGAINST STANDARD GEO
  1. 1
  2. 2
  3. 3
  4. 4
  5. 5
PLAY THE OPENING

Follow the example game's first 9:31 step by step: what to build now, what comes next, and where it goes. At 1× it keeps pace with your own game.

  1. 1

    Up to the Bot Lab

    Economy
    • Metal Extractor3Mex
    • Wind Turbine4Wind
    Order
    1. Bot LabBot Lab after 3 mex, 4 winddone ~1:12, middle half 0:59–1:22

    By 0:55 in all: 3 mex · 4 wind

    The example game in this phase · 5 steps
    1. Mex ×2
    2. Wind
    3. SentrySentry
    4. Mex
    5. Bot LabBot Labdone 1:11 · typical 1:12
  2. 2

    Bot Lab to 5:00

    Economy
    • Metal Extractor1Mex
    • Wind Turbine4Wind
    • Energy Converter7Converter
    • Energy Storage1Energy storage
    Order
    1. Geothermal PowerplantGeo after 4 mex, 6 wind
    2. Bot LabEat Bot Lab
    Builders
    • Construction Turret5 Con turret
    • Lazarus4 Lazarus
    • Construction Bot2 Con bot
    • Lazarus1 Lazarus for allies
    • Construction Bot1 Con bot for allies

    By 5:00 in all: 4 mex · 7 wind · 1 geo · 7 converter · 1 energy storage · 5 con turret

    The example game in this phase · 21 steps
    1. LazarusLazarusfor Suicide front
    2. LazarusLazarus
    3. Construction BotCon botfor Beach sea
    4. LazarusLazarusfor Beach sea
    5. Construction BotCon bot
    6. LazarusLazarus
    7. Mex
    8. LazarusLazarus
    9. Con turret
    10. Construction BotCon bot
    11. LazarusLazarus
    12. Energy storage
    13. PawnPawn ×3for Suicide front
    14. Geothermal PowerplantGeodone 4:00 · typical 3:29
    15. Bot LabEat Bot Labreclaimed for its metal
    16. Wind ×3
    17. Con turret
    18. Wind
    19. Con turret ×2
    20. NettleNettle ×2
    21. Converter ×3
  3. 3

    5:00 to Advanced Bot Lab

    Order
    1. Advanced Geothermal PowerplantAdvanced Geothermal Powerplant after 11 wind, 9 converter, 6 con turretin 56% of games
    2. Advanced Bot LabAdvanced Bot Lab after 10 wind, 9 converter, 6 con turretdone ~7:44, middle half 5:33–8:12

    Some games also: con turret (46%) · converter (44%) · wind (39%)

    By 7:03 in all: 4 mex · 11 wind · 1 geo · 1 Advanced Geothermal Powerplant · 9 converter · 1 energy storage

    The example game in this phase · 21 steps
    1. Converter ×4
    2. Con turret
    3. Converter ×2
    4. NettleNettle
    5. Radar TowerRadar Tower
    6. Aircraft PlantAircraft Plantdone 5:44
    7. FalconFighter ×3
    8. StorkLight transport
    9. Metal storage
    10. Aircraft PlantEat Aircraft Plantreclaimed for its metal
    11. Con turret
    12. Converter ×2
    13. Con turret
    14. Converter
    15. Advanced Metal ExtractorT2 mex ×2done 7:00 · typical 5:41
    16. Energy storage
    17. Advanced Metal ExtractorT2 mex
    18. Energy storage
    19. Advanced Metal ExtractorT2 mex
    20. Advanced Geothermal PowerplantAdvanced Geothermal Powerplantdone 8:21 · typical 7:25
    21. Advanced Bot LabAdvanced Bot Labdone 8:38 · typical 7:44
  4. 4

    Advanced Bot Lab to T2 bot snipers

    Order
    1. SharpshooterT2 bot snipers after 16 wind, 12 converter, 6 con turretdone ~8:51, middle half 7:55–9:40

    Some games also: converter (49%) · T2 con bot for allies (41%) · wind (34%)

    By 8:30 in all: 4 mex · 16 wind (standard 12) · 1 geo · 1 Advanced Geothermal Powerplant · 12 converter · 1 energy storage

    The example game in this phase · 4 steps
    1. Advanced Construction BotT2 con botfor Suicide front
    2. CompassRadar bot
    3. SmugglerJammer botfor Pond
    4. SharpshooterSniper botdone 9:13 · typical 8:51
  5. 5

    T2 bot snipers to 15:00

    Economy
    • Wind Turbine68Wind+48 vs standard
    • Energy Converter16Converter+12 vs standard
    Builders
    • Construction Turret3 Con turret +2 vs standard
    • Butler3 Butler +3 vs standard
    • Advanced Construction Bot1 T2 con bot for allies
    • Advanced Construction Bot1 T2 con bot
    Army
    • Sharpshooter5 Sniper bot +5 vs standard
    • Smuggler1 Jammer bot
    • Compass1 Radar bot

    Some games also: fusion (41%) · Welder (37%) · eat Advanced Bot Lab (34%)

    The standard build makes here, this one skips: 7 Jaguar

    By 15:00 in all: 4 mex · 78 wind (standard 36) · 1 geo · 1 Advanced Geothermal Powerplant · 27 converter (standard 19) · 1 energy storage

    The example game in this phase · 173 steps
    1. SharpshooterSniper bot
    2. Advanced Construction BotT2 con bot
    3. ButlerButler ×10
    4. Wind
    5. ButlerButler
    6. Wind ×10
    7. WelderWelderfor Suicide front
    8. Wind ×4
    9. WelderWelderfor Suicide front
    10. Converter
    11. Wind ×4
    12. WelderWelderfor Suicide front
    13. Converter
    14. Wind
    15. T2 converter
    16. Wind ×2
    17. Con turret
    18. Wind ×5
    19. Converter
    20. Wind ×3
    21. Con turret
    22. Wind
    23. Converter
    24. Wind ×4
    25. Con turret
    26. Wind ×3
    27. Converter
    28. PlatypusPlatypus
    29. Wind ×4
    30. Con turret
    31. Converter
    32. Wind ×8
    33. Converter
    34. Wind ×4
    35. PlatypusPlatypus
    36. Wind
    37. Converter
    38. Wind ×4
    39. PlatypusPlatypusfor Beach sea
    40. Wind ×2
    41. Converter
    42. Wind
    43. PlatypusPlatypusfor Beach sea
    44. Wind ×3
    45. PlatypusPlatypus
    46. Wind
    47. Converter
    48. Wind
    49. PlatypusPlatypus
    50. Wind ×2
    51. Converter
    52. Wind
    53. PlatypusPlatypusfor Beach sea
    54. Wind
    55. Converter
    56. Wind ×2
    57. PlatypusPlatypusfor Beach sea
    58. Wind
    59. Converter
    60. PlatypusPlatypusfor Beach sea
    61. Wind ×2
    62. Converter
    63. Wind ×2
    64. PlatypusPlatypus
    65. Converter
    66. Wind ×3
    67. PlatypusPlatypusfor Beach sea
    68. Wind
    69. PlatypusPlatypusfor Beach sea
    70. Wind ×2
    71. Converter
    72. Wind
    73. PlatypusPlatypus
    74. GunslingerGunslingernot finished by 15:00
    75. Wind
    76. GunslingerGunslinger
    77. PlatypusPlatypus
    78. WelderWelderfor Front
    79. Wind ×3
    80. Converter
    81. WelderWelderfor Front
    82. Aircraft PlantAircraft Plantdone 13:14
    83. Wind
    84. Converter
    85. Wind
    86. PlatypusPlatypusfor Beach sea
    87. Wind ×2
    88. Converter
    89. Wind
    90. PlatypusPlatypusfor Beach sea
    91. Wind ×3
    92. PlatypusPlatypusfor Beach sea
    93. Converter
    94. Construction AircraftCon aircraft
    95. Wind ×4
    96. Construction AircraftCon aircraft ×2
    97. Wind ×4
    98. Converter
    99. Construction AircraftCon aircraft
    100. Wind ×5
    101. Converter
    102. Wind ×2
    103. WelderWelderfor Geo sea
    104. Wind
    105. WelderWelderfor Geo sea
    106. Wind ×4
    107. WelderWelderfor Geo sea
    108. Con turret
    109. Converter
    110. Wind
    111. WelderWelderfor Geo sea
    112. Wind
    113. Con turret
    114. Wind ×2
    115. Con turret
    116. Wind
    117. Converter
    118. Wind ×3
    119. Aircraft PlantAircraft Plantdone 14:14
    120. Wind ×4
    121. Construction AircraftCon aircraft
    122. Converter
    123. Wind ×2
    124. WhirlwindWhirlwind
    125. Wind ×2
    126. Construction AircraftCon aircraft
    127. WhirlwindWhirlwind
    128. Construction AircraftCon aircraft
    129. Wind ×4
    130. Aircraft PlantAircraft Plantdone 14:35
    131. Converter
    132. Bot LabBot Labdone 14:30
    133. WhirlwindWhirlwind
    134. Con turret
    135. Wind ×3
    136. TickTick
    137. Wind
    138. WhirlwindWhirlwind
    139. TickTick
    140. Converter
    141. Wind
    142. Con turret
    143. Wind ×2
    144. WhirlwindWhirlwind
    145. TickTick ×2
    146. Wind
    147. Con turret
    148. TickTick
    149. WhirlwindWhirlwind
    150. TickTick
    151. Wind
    152. Con turret
    153. Wind ×3
    154. Converter
    155. WhirlwindWhirlwind
    156. TickTick ×3
    157. Wind
    158. WhirlwindWhirlwind
    159. Wind ×2
    160. WhirlwindWhirlwind
    161. TickTick
    162. Wind
    163. WhirlwindWhirlwind
    164. TickTick
    165. WhirlwindWhirlwind
    166. Converter
    167. TickTick
    168. WhirlwindWhirlwind
    169. Wind ×4
    170. Con turret
    171. TickTick
    172. WhirlwindWhirlwind
    173. TickTick

Counts are medians over the build's games: half of them build more, half fewer. The example game is Thors_Hammer's (31 OS, 12/10/2026); pick another.

Team trades

IN AT LEAST 30% OF ITS GAMES

You hand over

  • Lazarus1 Lazarus to Beach sea or Suicide frontfirst at 2:16 · in 73% of games
  • Construction Bot1 Con bot to Beach seafirst at 2:35 · in 83% of games
  • Advanced Construction Bot1 T2 con bot to Suicide front or Frontfirst at 8:44 · in 80% of games

You get

  • Hercules1 Light transport from Airfirst at 3:11 · in 39% of games
  • Advanced Construction Bot1 T2 con bot from Techfirst at 4:47 · in 73% of games

How it plays out

Typical game of this build against the role’s standard build, running totals by minute

  • This build
  • Standard geo

Metal produced

020k40k
0:005:0010:0015:00

metal

Enemy metal destroyed

05k10k15k
0:005:0010:0015:00

metal

Own metal lost

02k4k6k
0:005:0010:0015:00

metal

41 games.

Show as table
ByMetal produced: This buildMetal produced: Standard geoEnemy metal destroyed: This buildEnemy metal destroyed: Standard geoOwn metal lost: This buildOwn metal lost: Standard geo
1:003483330000
2:008678590000
3:00154515270000
4:00273126700000
5:00375136940000
6:00569456360000
7:0075368025210740
8:0010531113473102040
9:0013462144061104322384
10:001623917275786472260194
11:00193932012312011745543520
12:0022137229892881361813851605
13:0025487257334827587217882970
14:0028453285866084824530124420
15:00323163135572821020138925586
WHAT THE NUMBERS SAY

Team won less than the standard build despite the snipers' kills, and killed less enemy metal by 15:00 than standard.

  • + Reaches T2 bot lab far earlier than 86% norm of role
  • + Fields T2 bot support (jammer) when almost no one else does by 8:52
  • − Team win rate 35% vs 54% for standard build
  • − Metal produced trails standard by 10:00 (15895 vs 17434)
THE EXAMPLE YOU ARE READING

Thors_Hammer

31.1 OS · 12/10/2026

Open source match ↗

3 received units · includes a constructor
3208 metal received · 88576 energy received

Allied construction assistance is unknown. Timings are observations, not a promise of solo reproducibility.

Typical milestones

Bot Lab1:12Middle 50%: 0:59–1:22 · n=41
Geothermal Powerplant3:29Middle 50%: 3:17–3:47 · n=39
Advanced Metal Extractor5:41Middle 50%: 5:28–6:00 · n=41
Advanced Geothermal Powerplant7:25Middle 50%: 7:02–8:23 · n=32
Advanced Bot Lab7:44Middle 50%: 5:33–8:12 · n=41
Sharpshooter8:51Middle 50%: 7:55–9:40 · n=41

Played most by

[NWP]Bertus99127games of this build[Crd]Mind_The_Gap5games of this buildImmort4games of this buildhaaven3games of this build_Trixtreous_1game of this build